 Dungeon Crawl Stone Soup version 0.19-a0-1384-gbb462ca (webtiles) character file.

74 jacquesderrida the Caller (level 4, 20/30 HPs)
             Began as a Demonspawn Summoner on Sept 3, 2016.
             Quit the game on level 4 of the Dungeon.
             The game lasted 00:04:19 (556 turns).

jacquesderrida the Caller (Demonspawn Summoner)      Turns: 556, Time: 00:04:20

Health: 20/30      AC:  3    Str:  8    XL:     4   Next: 10%
Magic:  2/7        EV: 11    Int: 17    God:
Gold:   53         SH:  0    Dex: 14    Spells: 3 memorised, 1 level left

rFire  . . .     SeeInvis .     h - +0 falchion
rCold  . . .     Gourm    .     l - +0 leather armour
rNeg   . . .     Faith    .     (no shield)
rPois  .         Spirit   .     (helmet restricted)
rElec  .         Dismiss  .     (no cloak)
rCorr  .         Reflect  .     (no gloves)
MR     .....     Harm     .     (no boots)
Stlth  ++........               (no amulet)
                                (no ring)
                                (no ring)

@: no status effects
A: horns 1, powered by death 1, spiny 1
a: no special abilities


You were on level 4 of the Dungeon.
You were not hungry.

You visited 1 branch of the dungeon, and saw 4 of its levels.

You collected 53 gold pieces.

Inventory:

Hand Weapons
 h - a +0 falchion (weapon)
Armour
 a - a +0 robe
 l - a +0 leather armour (worn)
Scrolls
 e - a scroll of noise {unknown}
 j - a scroll of fog {unknown}
 k - 2 scrolls of identify {unknown}
 o - a scroll of teleportation {unknown}
Potions
 f - a potion of lignification {unknown}
 i - a potion of heal wounds {unknown}
 m - a potion of flight {unknown}
Books
 b - a book of Callings

   Spells                             Type                      Level
   a - Summon Small Mammal            Summoning                    1
   b - Call Imp                       Summoning                    2
   c - Call Canine Familiar           Summoning                    3
   d - Summon Guardian Golem          Hexes/Summoning              3
   e - Summon Lightning Spire         Summoning/Air                4
   f - Summon Ice Beast               Ice/Summoning                4
Comestibles
 c - 2 bread rations
 d - a meat ration
 g - a slice of pizza


   Skills:
 - Level 1.7 Dodging
 - Level 1.7 Stealth
 - Level 2.0 Spellcasting
 + Level 5.7 Summonings


You had one spell level left.
You knew the following spells:

 Your Spells              Type           Power        Failure   Level  Hunger
a - Summon Small Mammal   Summ           ###.         2%          1    #......
b - Call Imp              Summ           ###.....     4%          2    ###....
c - Call Canine Familiar  Summ           ###.....     10%         3    ###....


Dungeon Overview and Level Annotations

Branches:
Dungeon (4/15)
 Temple: D:4-7

Altars:
Yredelemnul

Annotations:
D:4 flowsnake's ghost, amateur DrIE


Innate Abilities, Weirdness & Mutations

You have a pair of small horns on your head.
You regenerate a little health from kills.
You are partially covered in sharp spines.


Message History

The howler monkey skeleton is moderately damaged.
The howler monkey skeleton hits you.
You hit the howler monkey skeleton.
The howler monkey skeleton is heavily damaged.
The howler monkey skeleton is struck by your spines.
The howler monkey skeleton closely misses you.
You riposte.
You hit the howler monkey skeleton but do no damage.
The howler monkey skeleton is severely damaged.
The howler monkey skeleton is struck by your spines.
The howler monkey skeleton closely misses you.
You riposte.
You hit the howler monkey skeleton.
You destroy the howler monkey skeleton!
You have reached level 4!
You feel agile.
You feel monstrous as your demonic heritage exerts itself.
Your demonic ancestry asserts itself...
A pair of horns grows on your head!
You now have 53 gold pieces (gained 14).
Are you sure you want to abandon this character and quit the game? (Confirm with "yes".)

o.......#######
..#.%.........#
.............#
#..........#
#....(.....#
#..........##
#.5.#.......#
##h##....######
#.@##.........#
#.##..........# . ..
##.##..(.....##.... ...#
#..#..#..#..<...###
....###.##.....#.......#
........#.........######
............#.>##..#
.....#........####..#
............#### #..


You could see a friendly hound and a friendly white imp.

Vanquished Creatures
  A howler monkey skeleton (D:4)
  An adder (D:3)
  An ooze (D:3)
  2 bats (D:3)
  5 jackals
  A giant newt (D:3)
11 creatures vanquished.

Vanquished Creatures (collateral kills)
  An iguana (D:4)
  A hound skeleton (D:4)
  3 adders
  2 worms (D:3)
  An orc (D:3)
  A hobgoblin (D:1)
  2 jackals
  A kobold (D:3)
  2 rats
14 creatures vanquished.

Grand Total: 25 creatures vanquished

Notes
Turn   | Place    | Note
-------+----------+-------------------------------------------
     0 | D:1      | jacquesderrida the Demonspawn Summoner began the quest for the Orb.
     0 | D:1      | Reached XP level 1. HP: 13/13 MP: 3/3
     6 | D:1      | Noticed an iguana
     6 | D:1      | Noticed a hog
     6 | D:1      | Noticed a polar bear
   154 | D:3      | Gained mutation: You regenerate a little health from kills. [demonic ancestry]
   154 | D:3      | Reached XP level 2. HP: 19/19 MP: 0/5
   208 | D:3      | Learned a level 2 spell: Call Imp
   294 | D:4      | Noticed flowsnake's ghost (amateur DrIE)
   347 | D:3      | Reached skill level 5 in Summonings
   347 | D:3      | Gained mutation: You are partially covered in sharp spines. [demonic ancestry]
   347 | D:3      | Reached XP level 3. HP: 9/24 MP: 0/6
   417 | D:3      | Found a basalt altar of Yredelemnul.
   520 | D:4      | Learned a level 3 spell: Call Canine Familiar
   554 | D:4      | Gained mutation: You have a pair of small horns on your head. [demonic ancestry]
   554 | D:4      | Reached XP level 4. HP: 19/30 MP: 2/7
   556 | D:4      | Quit the game

Vault maps used:
D:1:      onia_arrival_zoo_common, st_stairs_1, hangedman_decor_riveting
D:2:      okawaru_altar_gauntlet_db, nemelex_xobeh_ov_fountains_minmay
D:3:      lemuel_coloured_pillars_altar, nicolae_overflow_hidden_temple,
          uniq_iyjb
D:4:      nicolae_gozag_cash_rules_everything_around_me, first_bread,
          minmay_misc_feat_alley, roderic_roman_lattice, nrook_uturn,
          st_stairs_9

Skill      XL: |  1  2 |
---------------+-------+-----
Summonings     | 5 |  5.7
Dodging        | |  1.7
Stealth        | |  1.7
Spellcasting   | |  2.0

Action                   |  1- 3 |  4- 6 || total
-------------------------+-------+-------++-------
Melee: Falchion          |    24 |       ||    24
 Cast: Summon Small Mamm |    10 |       ||    10
       Call Imp          |    13 |       ||    13
       Call Canine Famil |     1 |       ||     1
Armor: Robe              |     1 |       ||     1
       Leather armour    |     4 |       ||     4
Dodge: Dodged            |    25 |       ||    25
